Match 47342314
Unlisted

Match 47342314
End
Construct Weapon Support Center
Selects Armored Battlegroup
Selects Assault Engineers
Assault Engineer Squad
Bazooka Squad
Assault Engineer Squad
Assault Engineer Squad
Infantry Support Center
Construct Medical Station
M3 Armored Personnel Carrier
Bazooka Squad
Selects M31 Recovery Vehicle
Selects War Machine
M1919 Machine Gun Team
M1919 Machine Gun Team
M1919 Machine Gun Team
M1919 Machine Gun Team
Construct Tank Depot
Selects Fast Deploy
Selects Seek and Destroy
Selects UNKNOWN (2160077)
M4A3E8 Sherman Easy Eight
Bazooka Squad
M4A3E8 Sherman Easy Eight
Seek and Destroy
M4A3E8 Sherman Easy Eight
Assault Engineer Squad
M1919 Machine Gun Team
M3 Armored Personnel Carrier
Assault Engineer Squad
Construct Tank Depot
M4A3E8 Sherman Easy Eight
ConcernedApe
Hanzawilhelm Longbowman of Crécy
-AL- Nimahfrosch
Tiger Mafia
0
0

Comments sign in to comment!

No comments posted yet!